 Dungeon Crawl Stone Soup version 0.29.1-1-gd02db6906a (webtiles) character file.

Game seed: 15203390340638356633

316 xian the Covered (level 6, -6/55 HPs)
             Began as a Minotaur Fighter on Sept 27, 2022.
             Mangled by a gnoll
             ... wielding a +0 halberd
              (8 damage)
             ... on level 3 of the Dungeon.
             The game lasted 00:05:38 (1844 turns).

xian the Covered (Minotaur Fighter)                 Turns: 1844, Time: 00:05:38

Health: -6/55      AC: 10    Str: 22    XL:     6   Next: 20%
Magic:  5/5        EV:  7    Int:  5    God:
Gold:   121        SH:  4    Dex: 10    Spells: 5/5 levels left

rFire   . . .      SeeInvis .   a - +0 war axe
rCold   . . .      Faith    .   c - +0 buckler
rNeg    . . .      Spirit   .   i - +0 chain mail
rPois   .          Reflect  .   (helmet restricted)
rElec   .          Harm     .   (no cloak)
rCorr   .          Rampage  .   (no gloves)
Will    .....                   (no boots)
Stlth   ..........              e - amulet of regeneration
HPRegen 0.98/turn               (no ring)
MPRegen 0.09/turn               (no ring)

@: mighty
A: horns 2, retaliatory headbutt
a: no special abilities


You were on level 3 of the Dungeon.
You visited 1 branch of the dungeon, and saw 3 of its levels.

You collected 121 gold pieces.

Inventory:

Hand Weapons
 a - a +0 war axe (weapon)
Armour
 c - a +0 buckler (worn)
 i - a +0 chain mail (worn)
Jewellery
 e - an amulet of regeneration (around neck)
 f - an amulet of faith
Scrolls
 b - 2 scrolls of blinking
 g - 2 scrolls of fog
 l - a scroll of teleportation
 o - 2 scrolls of identify
Potions
 h - a potion of lignification {unknown}
 j - a potion of heal wounds {unknown}
 k - a potion of magic
 n - a potion of degeneration {unknown}


   Skills:
 + Level 4.9 Fighting
 + Level 4.7 Axes
 + Level 1.1 Throwing
 + Level 5.6 Armour
 + Level 0.1 Dodging
 + Level 0.1 Stealth
 + Level 4.4 Shields


You had 5 spell levels left.
You didn't know any spells.
Your spell library contained the following spells:

 Spells                   Type           Power      Damage    Failure   Level
 Apportation              Tloc           0%         N/A       99%         1
 Summon Guardian Golem    Hex/Summ       0%         N/A       100%        3
 Alistair's Intoxication  Tmut/Pois      0%         N/A       100%        5
 Orb of Destruction       Conj           0%         9d5       100%        7
 Spellforged Servitor     Conj/Summ      0%         N/A       100%        7


Dungeon Overview and Level Annotations

Branches:
Dungeon (3/15)

Altars:

Shops:
D:3 *


Innate Abilities, Weirdness & Mutations

You have a pair of horns on your head.
You reflexively headbutt those who attack you in melee.


Message History

You kill the rat!
The gnoll hits you but does no damage.
The gnoll hits you from afar with a +0 halberd.
The gnoll attacks as you move away! The gnoll hits you with a +0 club.
The gnoll hits you from afar with a +0 halberd.
The gnoll closely misses you.
The gnoll looks more healthy.
You closely miss the gnoll. Your headbutt misses the gnoll.
The gnoll is severely wounded.
The gnoll barely misses you. You block the gnoll's attack.
The gnoll hits you but does no damage.
The gnoll hits you from afar with a +0 halberd.
The gnoll barely misses you.
You barely miss the gnoll. You headbutt the gnoll.
You kill the gnoll!
The gnoll hits you from afar with a +0 halberd!
You block the gnoll's attack.
You throw a poisoned dart.
The poisoned dart barely misses the gnoll.
The gnoll hits you from afar with a +0 halberd.
The gnoll barely misses you.
You are too injured to fight recklessly!
Throw: dart (poison)
Press: ? - help, Q - select action Shift-Dir - straight line, f/p - gnoll
Aim: a gnoll, wielding a +0 halberd (61% to hit)
You throw a poisoned dart.
The poisoned dart barely misses the gnoll.
The poisoned dart barely misses the gnoll.
The gnoll hits you from afar with a +0 halberd. x2
* * * LOW HITPOINT WARNING * * *
Okay, then.
You block the gnoll's attack. The gnoll hits you with a +0 halberd.
* * * LOW HITPOINT WARNING * * *
The gnoll hits you with a +0 halberd!
* * * LOW HITPOINT WARNING * * *
Things that are here:
a +0 club; a gnoll corpse You feel very mighty all of a sudden.
The gnoll hits you with a +0 halberd!
You die...

.....#.........#......#######
##
.....#.........#............#
.....#.........#............#
.###...#########............#
.# #.### #......[.....# .#
#.# #............# .# #.#
#............# <# #.#
#.#..........# .# #.#
#######@#..........# .#
#.#####.....gg..##########
.............g..#
...........(....######
......(####.........#
!.....(####.........#
...."...............#
........###...).....# .....g.
#...).....#


You could see 3 gnolls.

Vanquished Creatures
  Grinder (D:3)
  An orc wizard (D:3)
  A gnoll (D:3)
  An adder (D:2)
  2 worms (D:2)
  4 dart slugs
  3 orcs (D:3)
  5 ball pythons
  4 endoplasms (D:1)
  3 giant cockroaches
  4 goblins
  4 jackals (D:2)
  3 quokkas
  6 bats
  2 frilled lizards
  4 kobolds
  6 rats
54 creatures vanquished.

Notes
Turn   | Place    | Note
-------+----------+-------------------------------------------
     0 | D:1      | xian the Minotaur Fighter began the quest for the Orb.
     0 | D:1      | Reached XP level 1. HP: 19/19 MP: 0/0
   277 | D:1      | Reached XP level 2. HP: 22/27 MP: 1/1
   806 | D:2      | Reached XP level 3. HP: 29/33 MP: 2/2
   808 | D:2      | Reached skill level 4 in Armour
  1634 | D:3      | Reached XP level 4. HP: 41/41 MP: 3/3
  1647 | D:3      | Found Ruddyutumo's General Store.
  1741 | D:3      | Noticed Grinder
  1749 | D:3      | Paralysed by Grinder for 3 turns
  1759 | D:3      | Killed Grinder
  1760 | D:3      | Reached skill level 1 in Throwing
  1760 | D:3      | Reached skill level 5 in Armour
  1760 | D:3      | Reached XP level 5. HP: 25/47 MP: 4/4
  1760 | D:3      | Reached XP level 6. HP: 30/55 MP: 5/5
  1843 | D:3      | HP: 1/55 [gnoll/+0 halberd (11)]
  1844 | D:3      | Mangled by a gnoll

Illustrated notes

Levels and vault maps discovered:
D:1:      dpeg_arrival_boxes_within_box, layout_basic, st_stairs_12
D:2:      layout_basic, hex_medium
D:3:      layout_basic, serial_shops, nicolae_shop_stone, uniq_jessica,
          uniq_grinder

Skill      XL: |  1  2  3  4 |
---------------+-------------+-----
Shields        | 4 |  4.4
Fighting       | 4 |  4.9
Axes           | 3 4 |  4.7
Armour         | 4 5 |  5.6
Throwing       | 1 |  1.1
Dodging        | |  0.1
Stealth        | |  0.1

Action                   |  1- 3 |  4- 6 || total
-------------------------+-------+-------++-------
Melee: War axe           |    80 |    30 ||   110
       Headbutt          |    13 |     5 ||    18
Throw: Stone             |    22 |     3 ||    25
       Dart              |       |    11 ||    11
  Use: Scroll            |     4 |       ||     4
       Potion            |       |     1 ||     1
Armor: Scale mail        |     8 |       ||     8
       Chain mail        |    27 |    21 ||    48
Dodge: Dodged            |    30 |    12 ||    42
Block: Buckler           |    17 |     8 ||    25
